Map: Acid Plant LE

Players

Neeb

  • Race: Protoss Protoss
  • Spawn Location: 11:00

ShoWTimE - Winner!

  • Race: Protoss Protoss
  • Spawn Location: 5:00

Event: WCS Valencia 2018

VOD

Have the link to the VOD?

Description

Time

  • Played on: July 12, 2018, 10:30 a.m.
  • Length: 7:58

All games in this series

Show
View Real Time Build Order
Export as new Build Order

Neeb Protoss 

Build Orders: Phoenix Opening 

Get SALT Encoding   

  12  0:00  Probe  
  13  0:12  Probe  
  14  0:17  Pylon  
  14  0:23  Probe  
  15  0:31  Probe  
  16  0:37  Gateway  
  16  0:39  Probe  
  16  0:48  Assimilator  
  17  0:51  Probe  
  17  0:55  Assimilator  
  18  1:03  Probe  
  19  1:07  Gateway  
  19  1:15  Probe  
  20  1:24  Cybernetics Core  
  20  1:27  Probe  
  20  1:32  Pylon  
  21  1:39  Probe  
  22  1:51  Probe  
  23  1:57  Stalker  
  23  2:00  Warp Gate  
  23  2:01  Sentry  
  27  2:03  Probe  
  28  2:09  Pylon  
  28  2:16  Probe  
  31  2:35  Stargate  
  31  2:36  Stalker  
  31  2:57  Nexus  
  31  3:02  Probe  
  32  3:11  Phoenix  
  32  3:14  Probe  
  34  3:26  Probe  
  35  3:28  Pylon  
  35  3:33  Phoenix  
  35  3:38  Probe  
  38  3:50  Probe, Phoenix  
  41  4:02  Probe  
  41  4:08  Phoenix  
  42  4:10  Probe  
  42  4:15  Probe  
  46  4:22  Robotics Facility, Probe  
  47  4:24  Phoenix  
  48  4:36  Shield Battery  
  47  4:39  Stalker  
  47  4:40  Shield Battery  
  47  4:45  Stalker  
  51  4:59  Probe  
  47  5:04  Stalker  
  46  5:07  Probe  
  46  5:11  Stalker, Probe  
  46  5:13  Immortal  
  50  5:19  Probe  
  48  5:25  Probe  
  44  5:31  Probe  
  45  5:37  Probe  
  46  5:44  Probe  
  46  5:45  Immortal  
  46  5:49  Probe  
  48  5:56  Probe  
  53  5:59  Adept  
  53  6:00  Adept  
  53  6:01  Probe  
  58  6:08  Probe  
  59  6:13  Probe  
  59  6:16  Forge  
  59  6:18  Gateway  
  60  6:21  Probe  
  61  6:30  Pylon  
  61  6:33  Pylon  
  61  6:34  Probe  
  61  6:38  Oracle  
  61  6:39  Immortal  
  62  6:44  Pylon  
  68  6:56  Gateway  
  68  6:57  Stalker  
  69  7:01  Stalker  
  69  7:08  Shield Battery  
  71  7:10  Shield Battery  
  71  7:16  Stalker  
  71  7:18  Probe  
  71  7:21  Shield Battery  
  70  7:32  Probe x2  
  68  7:40  Pylon  
  67  7:48  Stalker x2  
  63  7:55  Pylon  
Show
View Real Time Build Order
Export as new Build Order

ShoWTimE Protoss - Winner!

Build Orders: Phoenix Opening 

Get SALT Encoding   

  12  0:00  Probe  
  13  0:12  Probe  
  14  0:20  Pylon  
  14  0:24  Probe  
  15  0:35  Probe  
  15  0:39  Gateway  
  16  0:43  Probe  
  16  0:49  Assimilator  
  17  0:52  Probe  
  18  0:57  Assimilator  
  18  1:00  Probe  
  18  1:08  Probe  
  18  1:10  Gateway  
  20  1:19  Probe  
  21  1:26  Cybernetics Core  
  21  1:31  Probe  
  22  1:36  Pylon  
  22  1:43  Probe  
  23  1:55  Probe  
  24  2:02  Sentry, Stalker  
  24  2:03  Warp Gate  
  28  2:11  Pylon  
  28  2:28  Robotics Facility  
  28  2:34  Stalker  
  29  2:46  Sentry  
  31  2:58  Nexus  
  31  3:07  Immortal  
  31  3:08  Phoenix  
  35  3:21  Pylon  
  35  3:23  Probe  
  36  3:30  Shield Battery  
  36  3:36  Warp Prism  
  36  3:39  Probe  
  39  3:51  Probe  
  40  4:07  Stalker  
  40  4:08  Stalker  
  44  4:12  Observer  
  44  4:16  Probe x2  
  47  4:26  Stalker x2  
  51  4:31  Probe  
  51  4:32  Probe  
  53  4:40  Pylon  
  53  4:47  Stalker  
  53  4:49  Stalker  
  57  4:54  Probe  
  57  4:55  Probe  
  57  5:06  Probe  
  59  5:07  Probe  
  59  5:12  Twilight Council  
  59  5:15  Immortal  
  59  5:18  Probe  
  59  5:19  Probe  
  59  5:28  Resonating Glaives  
  55  5:31  Probe x2  
  55  5:42  Gateway  
  55  5:43  Probe  
  55  5:46  Gateway  
  55  5:49  Gateway  
  60  6:01  Gateway, Warp Prism  
  58  6:07  Assimilator, Probe  
  58  6:08  Sentry x2  
  64  6:12  Pylon  
  64  6:17  Pylon  
  64  6:19  Pylon  
  64  6:21  Gateway  
  64  6:24  Gateway  
  63  6:30  Pylon  
  63  6:35  Adept x2  
  67  6:40  Adept  
  69  6:55  Adept x2  
  69  6:56  Adept x3  
  78  7:04  Adept  
  80  7:17  Adept x2  
  80  7:21  Sentry x2  
  85  7:28  Adept x2  
  86  7:33  Zealot, Adept  
  88  7:43  Adept x2  
  88  7:48  Adept  
  84  7:54  Adept  
  84  7:55  Adept  
  84  7:56  Zealot  
Tags
 
Add a new tag
Caveats
  • Supply blocks, unpowered buildings, or Contaminate may cause inaccurate times.
  • Supply counts are checked every 10 seconds.